 BcadrenCrawl: Boulder Brew version 0.04.2-20-g1dbc4a6302 (webtiles) character file.

Game seed: 16592367041756965097, levelgen mode: deterministic

8310 st0uf the Grappler (level 11, -20/80 HPs) Green Draconian Demonspawn. Began on May 24, 2021. Was a Priest of Bahamut & Tiamat. Demolished by a reaper ... wielding a +2 scythe of venom (26 damage) ... in a Gauntlet. The game lasted 00:23:56 (5115 turns).

st0uf the Grappler (Green Draconian Demonspawn)     Turns: 5115, Time: 00:23:56

Health: -20/80     AC: 19    Str: 19    XL:     11 ^: 9976
Magic:  13/13      EV: 14    Int: 13    God:    Bahamut & Tiamat [3* [90]]
Gold:   343        SH:  0    Dex: 11    Spells: 11/12 levels left

rFire    . . .     Vision   .     - Unarmed
rCold    . . .     Gourm    .     - Unarmed
rNeg     . . .     Faith    .   (armour unavailable)
rPois    +         Spirit   .   (helmet restricted)
rElec    .         Reflect  .   f - +0 cloak
rCorr    .         Harm     .   (no gloves)
MR       .....     NoTele   +   r - +0 pair of boots
Stlth    ++........             s - amulet of regeneration
HPRegen  0.76/turn              x - ring of protection
MPRegen  0.23/turn              (no ring)

@: hasted, very quick
A: no body armour, unfitting armour, horns 2, slimy green scales 3, powered by
death 2, cold-blooded, boosted short blades aptitude, poison enhancer 1, rPois,
AC +8
a: Breathe Noxious Fumes, Choose Bahamut's Refined Breath, Choose Tiamat's
Adaptive Breath, Renounce Religion


You were in a Gauntlet.
You worshipped Bahamut & Tiamat.
Bahamut & Tiamat was most pleased with you.
You were hungry.

You visited 2 branches of the dungeon, and saw 7 of its levels.
You also visited: Gauntlet.

You collected 343 gold pieces.

Inventory:

Armour
 f - a +0 cloak (worn)
 r - a +0 pair of boots (worn)
 A - a +2 pair of gloves of strength
Jewellery
 e - an uncursed amulet of reflection
 s - an amulet of regeneration (around neck)
 x - a ring of protection (left hand)
Wands
 h - a wand of random effects (21)
 p - a wand of hasting (1)
 q - a wand of flame (13)
 y - a wand of iceblast (2)
 z - a wand of disintegration (3)
Scrolls
 a - 3 scrolls of amnesia
 g - 2 scrolls of teleportation
 i - a scroll of fear
 l - a scroll of fog
 n - 4 scrolls of bless item
 o - a scroll of immolation
 u - a scroll of summoning
Potions
 c - a potion of agility
 d - 3 potions of might
 j - 4 potions of curing
 m - 4 potions of lignification
 t - a potion of cure mutation
 w - 2 potions of brilliance
Comestibles
 b - 29 rations


   Skills:
 + Level 2.4 Fighting
 + Level 4.9 Dodging
 - Level 2.0 Stealth
 + Level 13.2 Unarmed Combat
 + Level 1.3 Spellcasting
 - Level 1.5 Fire Magic
 + Level 3.0 Invocations


You had 11 spell levels left.
You knew the following spells:

 Your Spells              Type           Power        Failure   Level  Hunger
a - Flame Tongue          Fire           4 (30)       14%         1    ##.....

Your spell library contained the following spells:

 Spells                   Type           Power        Failure   Level  Hunger
 Confusing Touch          Hex            0 (50)       26%         1    ##.....
 Shock                    Air            0 (25)       26%         1    ##.....
 Blink                    Tloc           N/A          38%         2    ###....
 Call Imp                 Summ           0 (100)      38%         2    ###....
 Slow                     Hex            0 (100)      38%         2    ###....
 Swiftness                Chrm/Air       0 (100)      38%         2    ###....
 Conjure Flame            Fire           4 (100)      41%         3    ####...
 Confuse                  Hex            0 (100)      63%         3    ####...
 Gell's Gravitas          Tloc           0 (200)      63%         3    ####...
 Mephitic Cloud           Pois/Air       1 (100)      63%         3    ####...
 Static Discharge         Air            0 (100)      63%         3    ####...
 Airstrike                Air            0 (200)      95%         4    #####..
 Petrify                  Tmut/Erth      0 (100)      95%         4    #####..
 Lightning Bolt           Air            0 (200)      100%        5    ######.
 Yara's Violent Unravell  Hex/Tmut       0 (200)      100%        5    ######.


Dungeon Overview and Level Annotations

Branches:
Dungeon (6/8)              Temple (1/1) D:4            Lair (0/6) D:5
    Orc (0/2) D:6         Gauntlet (1/1)

Altars:
Bahamut & Tiamat
Dithmenos
Elyvilon
Fedhas Madash
Gozag Ym Sagoz
Kikubaaqudgha
Makhleb
Okawaru
Qazlal
Ru
Sif Muna
Trog
Vehumet
Wu Jian
Xom
Yredelemnul
Zin

Annotations:
D:4 3 runed translucent doors Gauntlet 7 transporters, 2 runed translucent doors


Innate Abilities, Weirdness & Mutations

You cannot fit into any form of body armour.
Your lurid green scales are resilient. (AC +8)
You can breathe clouds of noxious fumes.
You have a pair of horns on your head.
You are completely covered in slimy green scales. (AC +4, rPois)
You regenerate health from kills.
You are cold-blooded and may be slowed by cold attacks.
You are naturally skilled at Short Blades (Aptitude +3).
You are in touch with the powers of venom.
Your lurid green scales grant you resistance to poison. (rPois)


Message History

The hellwing hits you but does no damage.
The hellwing closely misses you (0).
You hit the hellwing but do no damage. You punch the hellwing (13)!
You tail-slap the hellwing, but do no damage.
The hellwing is heavily wounded. (18/43) HP The reaper hits you from afar with a scythe of venom (15)!
* * * LOW HITPOINT WARNING * * *
Unknown command.
You feel yourself speed up. The hellwing closely misses you (0).
The hellwing hits you but does no damage.
The reaper shouts, "Die, st0uf!"
You punch the hellwing (7)! x2
The hellwing is almost dead. (6/43) HP The hellwing hits you but does no damage.
The hellwing hits you (8)!
* * * LOW HITPOINT WARNING * * *
Unknown command.
All of the chunks of flesh in your inventory have rotted away.
The reaper hits you with a scythe of venom (26)!!
You die...

..#.∩.#y......#.⌠.#Z..Z...#.⌠
©.#...#########...#########..
..#.⌠.....#.....⌠.#.........⌠
©.#...#########...#########..
..#.∩.#.......#.⌠.#.'...#©#.⌠
⌠.#...#)##.##.#...#.###.#.#..
..##..##..#..##.⌠.#...#...#.⌠
⌠..##.#©##©##.#©.©###.#####©.
..##≈.##..#2@######©#.....###
⌠.#≈≈.#!##.##.#...#[#####.#..
..##≈.#....4..#.⌠.#.].....#.⌠
###⌠#.#########...#########..
###≈........................
#≈≈≈#≈≈≈#≈≈≈#≈≈≈#≈≈≈#≈≈≈#≈≈
##≈###≈###≈###≈###≈###≈###≈
## ### ### ### ### ### ##


You could see a reaper.

Vanquished Creatures
  A soul eater (Gauntlet)
  2 two-headed ogres
  An ugly thing (D:6)
  A troll (D:5)
  Prince Ribbit (D:3)
  A ynoxinul (Gauntlet)
  A hippogriff (D:5)
  An acid dragon (D:5)
  2 wyverns (D:5)
  A yak (D:6)
  A soldier ant (D:6)
  Edmund (D:3)
  A phantom (D:4)
  A necrophage (D:5)
  A water moccasin (D:2)
  2 orc warriors
  3 scorpions
  A sky beast (D:5)
  5 ice beasts
  A black bear (D:5)
  2 ogres
  4 crocodiles
  4 big kobolds
  4 bullfrogs
  Blork the orc (D:3)
  A centaur (D:5)
  2 howler monkeys (D:5)
  5 killer bees
  2 hornet zombies
  4 hounds
  A crimson imp (D:3)
  3 orc priests
  7 jellies
  3 iguanas
  3 orc wizards
  8 worker ants
  A wyvern zombie (D:6)
  6 giant cockroaches
  4 iron imps (Gauntlet)
  3 bullfrog zombies
  4 bullfrog skeletons
  8 gnolls (D:4)
  2 shadow imps
  11 adders
  37 sewer rats (D:2)
  10 cinder newts
  6 worms
  A howler monkey skeleton (D:3)
  An ooze (D:1)
  A dart slug (D:1)
  7 leopard geckos
  18 orcs
  An adder skeleton (D:2)
  4 goblins (D:1)
  3 hobgoblins (D:1)
  11 kobolds
  5 quokkas
  5 ball pythons (D:2)
  6 bats
  A bat skeleton (D:2)
  A goblin skeleton (D:2)
  6 rats (D:1)
  7 withered plants (D:2)
253 creatures vanquished.

Vanquished Creatures (others)
  6 bushes (D:6)
  A slimehead (D:2)
  39 withered plants (D:2)
46 creatures vanquished.

Grand Total: 299 creatures vanquished

Notes
Turn   | Place    | Note
-------+----------+-------------------------------------------
     0 | D:1      | st0uf the Immature Draconian Demonspawn began the quest for
                  | the Orb.
     0 | D:1      | Reached XP level 1. HP: 16/16 MP: 3/3
    24 | D:1      | Gained mutation: You are partially covered in slimy green
                  | scales. (AC +2) [demonic ancestry]
    24 | D:1      | Reached XP level 2. HP: 23/23 MP: 4/4
    32 | D:1      | Reached skill level 2 in Unarmed Combat
   164 | D:1      | Gained mutation: You have a pair of small horns on your
                  | head. [demonic ancestry]
   164 | D:1      | Reached XP level 3. HP: 28/28 MP: 5/5
   238 | D:1      | Gained mutation: You regenerate a little health from kills.
                  | [demonic ancestry]
   238 | D:1      | Reached XP level 4. HP: 35/35 MP: 6/6
   603 | D:2      | Noticed a big kobold
   630 | D:2      | Killed a big kobold
   630 | D:2      | Reached skill level 3 in Unarmed Combat
   630 | D:2      | Gained mutation: You have a pair of horns on your head.
                  | [demonic ancestry]
   630 | D:2      | Reached XP level 5. HP: 24/41 MP: 7/7
   647 | D:2      | Noticed a water moccasin
   649 | D:2      | Reached skill level 4 in Unarmed Combat
   649 | D:2      | Gained mutation: You are mostly covered in slimy green
                  | scales. (AC +3) [demonic ancestry]
   649 | D:2      | Reached XP level 6. HP: 35/48 MP: 8/8
   913 | D:2      | Reached skill level 5 in Unarmed Combat
   913 | D:2      | Your scales start taking on a lurid green colour.
   913 | D:2      | Reached XP level 7. HP: 52/55 MP: 9/9
   913 | D:2      | Gained mutation: Your lurid green scales grant you
                  | resistance to poison. (rPois) [Green Draconian growth]
   913 | D:2      | Gained mutation: You are in touch with the powers of venom.
                  | [Green Draconian growth]
  1039 | D:2      | Reached skill level 6 in Unarmed Combat
  1418 | D:2      | Reached XP level 8. HP: 60/61 MP: 10/10
  1859 | D:2      | Reached skill level 7 in Unarmed Combat
  2173 | D:3      | Noticed Prince Ribbit
  2178 | D:3      | Killed Prince Ribbit
  2300 | D:3      | Reached skill level 8 in Unarmed Combat
  2400 | D:3      | Noticed Blork the orc
  2407 | D:3      | Killed Blork the orc
  2502 | D:3      | Noticed Edmund
  2510 | D:3      | Killed Edmund
  2510 | D:3      | Reached skill level 9 in Unarmed Combat
  2595 | D:3      | Gained mutation: You regenerate health from kills. [demonic
                  | ancestry]
  2595 | D:3      | Reached XP level 9. HP: 67/67 MP: 11/11
  3036 | D:3      | Found a shimmering blue altar of Sif Muna.
  3036 | D:3      | Found a glowing silver altar of Zin.
  3036 | D:3      | Found a stormy altar of Qazlal.
  3036 | D:3      | Found an ornate altar of the Wu Jian Council.
  3345 | D:4      | Found a staircase to the Ecumenical Temple.
  3351 | Temple   | Entered the Ecumenical Temple
  3413 | Temple   | Became a worshipper of Bahamut & Tiamat
  3560 | D:4      | Reached skill level 10 in Unarmed Combat
  3693 | D:4      | Found a runed translucent gate.
  3693 | D:4      | Found a runed translucent gate.
  3697 | D:4      | Found a runed translucent gate.
  3784 | D:4      | Reached * piety under Bahamut & Tiamat
  3922 | D:5      | Entered Level 5 of the Dungeon
  4073 | D:5      | Noticed a two-headed ogre
  4080 | D:5      | Killed a two-headed ogre
  4080 | D:5      | Reached skill level 11 in Unarmed Combat
  4133 | D:5      | Gained mutation: You are naturally skilled at Short Blades
                  | (Aptitude +3). [draconic bloodline]
  4133 | D:5      | Gained mutation: You are completely covered in slimy green
                  | scales. (AC +4, rPois) [demonic ancestry]
  4133 | D:5      | Reached XP level 10. HP: 68/74 MP: 12/12
  4168 | D:5      | Found a staircase to the Lair.
  4258 | D:5      | Reached ** piety under Bahamut & Tiamat
  4375 | D:5      | Reached skill level 12 in Unarmed Combat
  4435 | D:5      | Found a white marble altar of Elyvilon.
  4488 | D:5      | Reached *** piety under Bahamut & Tiamat
  4851 | D:6      | Noticed a two-headed ogre
  4866 | D:6      | Killed a two-headed ogre
  4920 | D:6      | Found a gate leading to a gauntlet.
  4942 | Gauntlet | Entered a Gauntlet
  4942 | Gauntlet | Found a transporter.
  4942 | Gauntlet | Found a transporter.
  4942 | Gauntlet | Noticed a small abomination
  4944 | Gauntlet | Found a transporter.
  4944 | Gauntlet | Noticed a small abomination
  4945 | Gauntlet | Noticed a small abomination
  4945 | Gauntlet | Noticed a small abomination
  4948 | Gauntlet | Noticed a large abomination
  4957 | Gauntlet | Noticed a soul eater
  4960 | Gauntlet | Found a transporter.
  4960 | Gauntlet | Found a transporter.
  4967 | Gauntlet | Killed a soul eater
  4967 | Gauntlet | Reached skill level 13 in Unarmed Combat
  4967 | Gauntlet | Reached XP level 11. HP: 41/80 MP: 13/13
  5000 | Gauntlet | Found a runed translucent door.
  5002 | Gauntlet | Found a transporter.
  5004 | Gauntlet | Found a runed translucent door.
  5005 | Gauntlet | Found a runed translucent door.
  5006 | Gauntlet | Found a transporter.
  5008 | Gauntlet | Found a transporter.
  5020 | Gauntlet | Found a transporter.
  5020 | Gauntlet | Found a transporter.
  5082 | Gauntlet | Found a transporter.
  5082 | Gauntlet | Found a transporter.
  5087 | Gauntlet | Noticed a reaper
  5115 | Gauntlet | Demolished by a reaper

Levels and vault maps discovered:
D:1:      evilmike_arrival_plus, layout_cave_pools
D:2:      layout_sewer
D:3:      layout_layer_cave, chequers_temple_overflow_statue_of_worship,
          first_ration, bcadren_nooodl_food_pyramid, uniq_blork_the_orc,
          uniq_prince_ribbit1, uniq_edmund
D:4:      miniossuary_kennysheep_ghosthouse, layout_cave_pools,
          minmay_temple_entry_overgrown
D:5:      layout_irregular_city, elyvilon_altar_5, erik_lair_dragon
D:6:      ossuary_the_hunt_dpeg, layout_basic, orc_0_dummy,
          gauntlet_entry_generic, hangedman_abyss_or_decor_stabs,
          fedhas_bush_and_centaur_altar, uniq_sonja, uniq_urug, uniq_circe
Temple:   nicolae_temple_hex_pool
Gauntlet: minmay_gauntlet_77_indecision
          [minmay_gauntlet_arena_77_chump_sandwich,
          minmay_gauntlet_arena_77_broken_ladder, minmay_gauntlet_arena_77_path,
          minmay_gauntlet_arena_77_shame_cube, minmay_gauntlet_arena_77_braids,
          minmay_gauntlet_arena_77_hold_the_fort, gauntlet_exit_spiral]

Skill      XL: |  1  2  3  4  5  6  7  8  9 10 |
---------------+-------------------------------+-----
Unarmed Combat | 2 3 4 5 6 9 11 13 | 13.2
Dodging        | 3 4 |  4.9
Fighting       | 2 |  2.4
Stealth        | 2 |  2.0
Spellcasting   | |  1.3
Fire Magic     | |  1.5
Invocations    | |  3.0

Action                   |  1- 3 |  4- 6 |  7- 9 | 10-12 || total
-------------------------+-------+-------+-------+-------++-------
Melee: Unarmed           |    84 |   181 |   484 |   187 ||   936
       Tailslap          |     2 |     9 |    18 |    16 ||    45
       Headbutt          |     4 |     9 |    43 |    24 ||    80
Invok: Choose Bahamut's  |       |       |       |     1 ||     1
 Abil: Breathe Noxious F |       |       |     2 |     1 ||     3
  Use: Scroll            |       |       |       |     1 ||     1
       Potion            |       |       |       |     1 ||     1
 Stab: Sleeping          |       |     1 |     3 |     5 ||     9
       Confused          |       |       |     3 |     3 ||     6
       Distracted        |       |       |     1 |       ||     1
  Eat: Chunk             |       |       |    12 |     3 ||    15
Armor: Skin              |     8 |    14 |    47 |    26 ||    95
Dodge: Dodged            |    31 |    30 |    81 |    38 ||   180
Block: Other             |       |    13 |    31 |       ||    44
